 Dungeon Crawl Stone Soup version 0.30-a0-778-g2ef04afb54 (webtiles) character file.

Game seed: 16417600767477847631

54 hikkokomori the Magician (level 3, -1/20 HPs)
             Began as a Gargoyle Hedge Wizard on Feb 16, 2023.
             Killed by miscasting Mephitic Cloud (9 damage)
             ... on level 2 of the Dungeon.
             The game lasted 00:04:17 (1520 turns).

hikkokomori the Magician (Gargoyle Hedge Wizard)    Turns: 1520, Time: 00:04:17

Health: -1/20      AC:  5    Str: 13    XL:     3   Next: 91%
Magic:  1/7        EV: 12    Int: 16    God:
Gold:   83         SH:  0    Dex:  9    Spells: 0/8 levels left

rFire   . . .      SeeInvis .    a - +0 dagger
rCold   . . .      Faith    .    (no shield)
rNeg    + . .      Spirit   .    b - +0 robe
rPois   ∞          Reflect  .    c - +0 hat
rElec   +          Harm     .    (no cloak)
rCorr   .          Rampage  .    (no gloves)
Will    .....                    (no boots)
Stlth   ++                       (no amulet)
HPRegen 0.23/turn                (no ring)
MPRegen 0.10/turn                (no ring)

@: on blink cooldown, very slightly contaminated
A: sickness immunity, AC +3, negative energy resistance 1, electricity
resistance, torment resistance 1, petrification resistance
a: no special abilities


You were on level 2 of the Dungeon.
You visited 1 branch of the dungeon, and saw 2 of its levels.

You collected 83 gold pieces.

Inventory:

Hand Weapons
 a - a +0 dagger (weapon)
Armour
 b - a +0 robe (worn)
 c - a +0 hat (worn)
Jewellery
 i - a ring of protection from fire
 n - a +6 ring of dexterity
Wands
 j - a wand of charming (8)
 k - a wand of polymorph (10)
Scrolls
 f - a scroll of blinking {unknown}
 g - a scroll of identify {unknown}
 o - a scroll of vulnerability {unknown}
Potions
 d - a potion of magic
 e - 2 potions of attraction {unknown}
 h - a potion of haste {unknown}
 l - a potion of might {unknown}
 m - a potion of curing {unknown}


   Skills:
 + Level 0.9 Fighting
 - Level 1.7 Dodging
 + Level 2.8 Stealth
 - Level 3.1 Spellcasting
 + Level 1.9 Conjurations
 + Level 1.3 Summonings
 - Level 1.3 Translocations
 + Level 0.4 Air Magic
 + Level 0.4 Poison Magic


You couldn't memorise any spells.
You knew the following spells:

 Your Spells              Type           Power      Damage    Failure   Level
a - Magic Dart            Conj           32%        1d4       9%          1
b - Call Imp              Summ           6%         N/A       16%         2
c - Mephitic Cloud        Conj/Pois/Air  5%         N/A       36%         3
d - Blink                 Tloc           12%        N/A       16%         2

Your spell library contained the following spells:

 Spells                   Type           Power      Damage    Failure   Level
 Slow                     Hex            8%         N/A       19%         1
 Vhi's Electric Charge    Tloc/Air       10%        N/A       36%         3
 Petrify                  Tmut/Erth      2%         N/A       88%         4
 Arcjolt                  Conj/Air       3%         1d13      97%         5
 Irradiate                Conj/Tmut      2%         3d12      98%         5
 Maxwell's Capacitive Co  Air            1%         ∞         100%        8
 Cigotuvi's Dreadful Rot  Necr/Pois/Air  Unusable   N/A       N/A         2
 Sublimation of Blood     Necr           Unusable   N/A       N/A         2

Dungeon Overview and Level Annotations

Branches:
Dungeon (2/15)

Altars:


Innate Abilities, Weirdness & Mutations

You are immune to sickness and miasma.
Your stone body is resilient. (AC +3)
You are immune to poison.
You resist negative energy. (rN+)
You are resistant to electric shocks. (rElec)
You are resistant to unholy torment.
You are immune to petrification.


Message History

A beastly little devil appears in a puff of flame.
You closely miss the hobgoblin.
Your crimson imp barely misses the hobgoblin.
The hobgoblin closely misses you.
You barely miss the hobgoblin.
Your crimson imp hits the hobgoblin but does no damage.
The hobgoblin hits you but does no damage.
You barely miss the hobgoblin. The endoplasm freezes you.
You are frozen.
Your crimson imp blinks!
The hobgoblin misses you.
You barely miss the hobgoblin. The endoplasm freezes you.
You are frozen.
The hobgoblin barely misses you.
You hit the hobgoblin.
The hobgoblin is heavily wounded.
The endoplasm freezes you.
You are frozen.
The hobgoblin hits you.
You hit the endoplasm but do no damage.
The endoplasm hits you but does no damage.
The hobgoblin hits you but does no damage.
Casting: Call Imp (safe; 16% risk of failure)
Confirm with . or Enter, or press ? or * to list all spells.
You blink.
Your crimson imp blinks!
Casting: Blink (safe; 16% risk of failure)
Confirm with . or Enter, or press ? or * to list all spells.
The spell is astonishingly dangerous to miscast (36% risk of failure)!
Continue anyway?
Okay, then.
Casting: Mephitic Cloud (astonishingly dangerous; 36% risk of failure)
Confirm with . or Enter, or press ? or * to list all spells.
The spell is astonishingly dangerous to miscast (36% risk of failure)!
Continue anyway?
Aiming: Mephitic Cloud (astonishingly dangerous; 36% risk of failure)
Press: ? - help, Shift-Dir - straight line, f - hobgoblin
Aim: a hobgoblin (heavily wounded, chance to affect: 96%)
You miscast Mephitic Cloud.
You are very lightly contaminated with residual magic.
The air around you crackles with energy!
You die...

.....>...##.........#
....................#
.##........).......##
#######.............# #
#.÷...........# #
###.............# #
###............§.§#
##...#.............##
##..###....#....@gJ..#
....# #######.....#.....
#...# #.....#.....# ....#
#### #.....#.....#
.#..#..... .............#
..................#.....#
#.#...............#.....#
#.................# #
..........


You could see an endoplasm and a hobgoblin.

Vanquished Creatures
  2 adders (D:2)
  A dart slug (D:1)
  4 ball pythons
  2 bats (D:1)
  3 endoplasms (D:1)
  2 goblins (D:1)
  2 hobgoblins
  A quokka (D:1)
  3 frilled lizards
  5 rats
25 creatures vanquished.

Vanquished Creatures (collateral kills)
  A worm (D:2)
  2 dart slugs (D:2)
3 creatures vanquished.

Grand Total: 28 creatures vanquished

Notes
Turn   | Place    | Note
-------+----------+-------------------------------------------
     0 | D:1      | hikkokomori the Gargoyle Hedge Wizard began the quest for
                  | the Orb.
     0 | D:1      | Reached XP level 1. HP: 10/10 MP: 4/4
   210 | D:1      | Reached skill level 1 in Summonings
   210 | D:1      | Reached skill level 1 in Translocations
   259 | D:1      | Reached XP level 2. HP: 15/15 MP: 3/6
  1028 | D:2      | Reached XP level 3. HP: 20/20 MP: 5/7
  1031 | D:2      | Learned a level 2 spell: Call Imp
  1035 | D:2      | Learned a level 3 spell: Mephitic Cloud
  1038 | D:2      | Learned a level 2 spell: Blink
  1048 | D:2      | Found a faded altar of an unknown god.
  1520 | D:2      | Killed by miscasting Mephitic Cloud

Illustrated notes

Levels and vault maps discovered:
D:1:      evilmike_arrival_rings, layout_basic
D:2:      layout_rooms, hellmonk_ecumenical_altar_lost_god

Skill      XL: |  1 |
---------------+----+-----
Summonings     | 1 |  1.3
Translocations | 1 |  1.3
Fighting       | |  0.9
Dodging        | |  1.7
Stealth        | |  2.8
Spellcasting   | |  3.1
Conjurations   | |  1.9
Air Magic      | |  0.4
Poison Magic   | |  0.4

Action                     || total
---------------------------++-------
  Melee: Dagger            ||    97
         Punch             ||     1
   Cast: Magic Dart        ||    36
         Call Imp          ||     8
         Blink             ||     2
   Stab: Distracted        ||     1
 Armour: Robe              ||    20
  Dodge: Dodged            ||    74

Table legend: (Time is in decaauts)
 A = Elapsed time spent in this place.
 B = Non-inter-level travel time spent in this place.
 C = Inter-level travel time spent in this place.
 D = Time resting spent in this place.
 E = Time spent auto-exploring this place.
 F = Levels seen in this place.
 G = Mean time per level.
                   A        B        C        D        E       F      G
               +--------+--------+--------+--------+--------+-----+--------+
         Total |   1519 |   1509 |     10 |      0 |   1228 |   2 |  759.5 |
       Dungeon |   1519 |   1509 |     10 |      0 |   1228 |   2 |  759.5 |
               +--------+--------+--------+--------+--------+-----+--------+

Top non-repeatable levels by time:
     D:1: 950 daAuts
     D:2: 569 daAuts
